 Dungeon Crawl Stone Soup version 0.24-a0-201-gf205589 (webtiles) character file.

Game seed: 12061696136617340449

296 Borgoz the Cutter (level 6, 0/37 HPs)
             Began as a Gargoyle Gladiator on Mar 26, 2019.
             Slain by Pikel
             ... wielding a +1 whip of flaming
              (2 damage)
             ... on level 5 of the Dungeon.
             The game lasted 00:04:41 (2439 turns).

Borgoz the Cutter (Gargoyle Gladiator)              Turns: 2439, Time: 00:04:42

Health: 0/37       AC: 13    Str: 16    XL:     6   Next: 35%
Magic:  6/6        EV: 12    Int:  9    God:
Gold:   68         SH:  0    Dex: 14    Spells: 5/5 levels left

rFire    . . .     SeeInvis .   t - +2 short sword (elec)
rCold    . . .     Gourm    .   (no shield)
rNeg     + . .     Faith    .   l - +0 ring mail
rPois    ∞         Spirit   .   c - +0 helmet
rElec    +         Reflect  .   k - +0 cloak
rCorr    .         Harm     .   s - +0 pair of gloves
MR       +....                  (no boots)
Stlth    ++........             (no amulet)
HPRegen  0.12/turn              (no ring)
MPRegen  0.10/turn              (no ring)

@: no status effects
A: thin skeletal structure 1, magic resistance 1, negative energy resistance 1,
electricity resistance, weak 1, unbreathing, petrification resistance, rot
immunity, AC +4
a: no special abilities


You were on level 5 of the Dungeon.
You were very hungry.

You visited 2 branches of the dungeon, and saw 6 of its levels.

You collected 68 gold pieces.

Inventory:

Hand Weapons
 a - a +2 dagger of venom
 j - a +0 rapier
 p - a +3 dagger
 t - a +2 short sword of electrocution (weapon)
Missiles
 d - 3 throwing nets (quivered)
Armour
 c - a +0 helmet (worn)
 k - a +0 cloak (worn)
 l - a +0 ring mail (worn)
 s - a +0 pair of gloves (worn)
Jewellery
 b - an uncursed ring of protection from cold
 n - an uncursed ring of flight
 u - an uncursed ring of ice {unknown}
Wands
 v - a wand of flame (20)
Scrolls
 e - 2 scrolls of remove curse
 i - a scroll of enchant armour {unknown}
 o - a scroll of blinking
Potions
 m - a potion of flight {unknown}
 w - a potion of lignification {unknown}
Comestibles
 f - 6 rations


   Skills:
 + Level 3.3 Fighting
 * Level 4.1 Short Blades
 - Level 1.7 Throwing
 + Level 2.1 Armour
 * Level 3.6 Dodging
 + Level 2.2 Stealth


You had 5 spell levels left.
You didn't know any spells.
Your spell library was empty.

Dungeon Overview and Level Annotations

Branches:
Dungeon (5/15)             Temple (1/1) D:4

Altars:
Cheibriados
Elyvilon
Makhleb
Nemelex Xobeh
Okawaru
Qazlal
Trog
Uskayaw
Vehumet
Xom
Zin

Annotations:
D:5 Pikel


Innate Abilities, Weirdness & Mutations

You are resistant to torment.
Your stone body is resilient. (AC +4)
You are immune to poison.
You resist negative energy. (rN+)
You are resistant to electric shocks. (rElec)
You can survive without breathing.
You are immune to petrification.
You are immune to rotting.
You have a somewhat thin skeletal structure. (Dex +2, Stealth)
You are resistant to hostile enchantments. (MR+)
You are weak. (Str -2)


Message History

You feel resistant to hostile enchantments.
You feel weaker.
Your bones become slightly less dense.
Pikel hits you but does no damage.
It was a potion of magic.
Magic courses through your body.
Pikel hits you with a +1 whip of flaming.
* * * LOW HITPOINT WARNING * * *
Pikel burns you.
* * * LOW HITPOINT WARNING * * *
Okay, then.
Okay, then.
It was a potion of cancellation.
You feel magically purged.
You are feeling very hungry.
Pikel hits you but does no damage.
You closely miss Pikel.
Pikel is severely wounded.
Pikel misses you.
You hit Pikel.
Pikel is severely wounded.
Pikel hits you with a +1 whip of flaming.
You die...

####
#.@#
#.K#
#...
+....
######


You could see Pikel.

Vanquished Creatures
  A water moccasin (D:3)
  An orc priest (D:3)
  Jessica (D:3)
  5 adders
  3 dart slugs
  2 leopard geckos (D:3)
  6 orcs (D:3)
  A giant cockroach (D:2)
  11 goblins
  12 hobgoblins
  3 jackals (D:3)
  3 quokkas
  7 bats
  4 frilled lizards
  14 kobolds
  2 rats
76 creatures vanquished.

Notes
Turn   | Place    | Note
-------+----------+-------------------------------------------
     0 | D:1      | Borgoz the Gargoyle Gladiator began the quest for the Orb.
     0 | D:1      | Reached XP level 1. HP: 12/12 MP: 1/1
   136 | D:1      | Reached XP level 2. HP: 16/17 MP: 2/2
   319 | D:1      | Reached skill level 3 in Short Blades
   739 | D:1      | Reached XP level 3. HP: 22/22 MP: 3/3
   919 | D:2      | Reached skill level 1 in Stealth
   975 | D:2      | Reached skill level 1 in Armour
  1103 | D:2      | Reached XP level 4. HP: 26/27 MP: 4/4
  1433 | D:3      | Reached XP level 5. HP: 22/32 MP: 5/5
  1555 | D:3      | Found a sparkling altar of Nemelex Xobeh.
  1827 | D:3      | Noticed Jessica
  1828 | D:3      | Noticed a water moccasin
  1830 | D:3      | Killed Jessica
  1835 | D:3      | Killed a water moccasin
  1835 | D:3      | Reached skill level 4 in Short Blades
  1835 | D:3      | Reached XP level 6. HP: 33/37 MP: 6/6
  2144 | D:4      | Found a staircase to the Ecumenical Temple.
  2158 | Temple   | Entered the Ecumenical Temple
  2382 | D:4      | Noticed a slave
  2383 | D:4      | Noticed a slave
  2383 | D:4      | Noticed a slave
  2384 | D:4      | Noticed Pikel
  2384 | D:4      | Noticed an ice beast
  2410 | D:5      | Entered Level 5 of the Dungeon
  2435 | D:5      | Gained mutation: You are resistant to hostile enchantments.
                  | (MR+) [potion of mutation]
  2435 | D:5      | Gained mutation: You are weak. (Str -2) [potion of
                  | mutation]
  2435 | D:5      | Gained mutation: You have a somewhat thin skeletal
                  | structure. (Dex +2, Stealth) [potion of mutation]
  2436 | D:5      | HP: 1/37 [Pikel/+1 whip of flaming (1)]
  2439 | D:5      | Slain by Pikel

Levels and vault maps discovered:
D:1:      noname_arrival_rooms_in_the_neighbourhood, layout_basic,
          minmay_tetromino_o4
D:2:      layout_rooms
D:3:      layout_loops_cross, nemelex_xobeh_ov_fountains_minmay,
          minmay_misc_feat_diagonals, uniq_jessica
D:4:      layout_basic, chequers_temple_overflow_statue_of_worship,
          kiku_gazebo_pond_becter, minmay_temple_entry_waves, first_ration,
          uniq_blork_the_orc, uniq_pikel
D:5:      layout_basic, kennysheep_generic_room_16, uniq_edmund
Temple:   dpeg_chambers_temple

Skill      XL: |  1  2  3  4  5 |
---------------+----------------+-----
Short Blades   | 3 4 |  4.1
Stealth        | 1 2 |  2.2
Armour         | 1 2 |  2.1
Dodging        | 3 |  3.6
Fighting       | 3 |  3.3
Throwing       | |  1.7

Action                   |  1- 3 |  4- 6 || total
-------------------------+-------+-------++-------
Melee: Rapier            |    21 |       ||    21
       Dagger            |    74 |    69 ||   143
       Short sword       |       |    77 ||    77
  Use: Scroll            |       |     3 ||     3
       Potion            |       |     3 ||     3
  Eat: Chunk             |       |     4 ||     4
Armor: Leather armour    |    16 |       ||    16
       Ring mail         |    41 |    67 ||   108
Dodge: Dodged            |    79 |    95 ||   174

Table legend:
 A = Non-vault XP
 B = Vault XP
 C = Vault XP percentage of total XP
 D = Non-vault monster count
 E = Vault monster count
 F = Vault count percentage of total count
                 A         B        C        D         E       F
            +---------+---------+-------+---------+---------+-------
      Total |     379 |      45 |  10.6 |      71 |       5 |   6.6
            +---------+---------+-------+---------+---------+-------
        D:1 |      27 |       8 |  22.9 |      18 |       4 |  18.2
        D:2 |      60 |       0 |   0.0 |      21 |       0 |   0.0
        D:3 |     290 |      37 |  11.3 |      31 |       1 |   3.1
        D:4 |       2 |       0 |   0.0 |       1 |       0 |   0.0
            +---------+---------+-------+---------+---------+-------
